 Dungeon Crawl Stone Soup version 0.31-a0-236-g9a0961fb85 (webtiles) character file.

Game seed: 9088692354684381578

137 qw the Shooter (level 5, -13/41 HPs)
             Began as a Minotaur Hexslinger on July 10, 2023.
             Killed by divine providence
             ... invoked by an orc priest
              (14 damage)
             ... on level 4 of the Dungeon.
             The game lasted 00:00:52 (2676 turns).

qw the Shooter (Minotaur Hexslinger)                Turns: 2676, Time: 00:00:53

Health: -13/41     AC:  5    Str: 13    XL:     5   Next: 0%
Magic:  5/5        EV: 11    Int: 10    God:
Gold:   131        SH:  0    Dex: 14    Spells: 5/6 levels left

rFire   . . .        Y - +1 sling
rCold   . . .        (no shield)
rNeg    . . .        i - +0 ring mail
rPois   .            (helmet restricted)
rElec   .            (no cloak)
rCorr   .            (no gloves)
SInv    .            (no boots)
Will    .....        g - amulet of faith
Stlth   +            (no ring)
HPRegen 0.26/turn    (no ring)
MPRegen 0.09/turn

%: faith
@: no status effects
A: horns 2, retaliatory headbutt
a: no special abilities


You were on level 4 of the Dungeon.
You visited 1 branch of the dungeon, and saw 4 of its levels.

You collected 131 gold pieces.


Innate Abilities, Weirdness & Mutations

You have a pair of horns on your head.
You reflexively headbutt those who attack you in melee.


   Skills:
 + Level 2.1 Fighting
 - Level 5.3 Ranged Weapons
 - Level 1.0 Armour
 - Level 2.1 Dodging
 - Level 1.0 Spellcasting
 - Level 2.0 Hexes


You had 5 spell levels left.
You knew the following spells:

 Your Spells              Type           Power      Damage    Failure   Level
a - Slow                  Hex            16%        N/A       32%         1

Your spell library contained the following spells:

 Spells                   Type           Power      Damage    Failure   Level
 Inner Flame              Hex/Fire       2%         N/A       82%         3
 Portal Projectile        Hex/Tloc       4%         N/A       82%         3
 Cause Fear               Hex            2%         N/A       97%         4

Inventory:

Hand Weapons
 Y - a +1 sling (weapon)
Armour
 i - a +0 ring mail (worn)
Jewellery
 g - an amulet of faith (around neck)
Potions
 a - a potion of brilliance {unknown}
 c - a potion of cancellation {unknown}
 d - a potion of attraction {unknown}
 e - a potion of curing {unknown}
 j - a potion of magic {unknown}

Dungeon Overview and Level Annotations

Branches:
Dungeon (4/15)
 Temple: D:4-7

Altars:
Kikubaaqudgha
Trog
Zin


Message History

You have reached level 5!
An orc priest, an orc and a hound come into view.
The orc priest shouts!
The orc shouts!
The hound barks!
You hear a shout! x2
An orc priest comes into view. It is wielding a +0 dagger.
The orc throws a boomerang.
The boomerang hits you.
You shoot a sling bullet. The orc priest shouts!
The sling bullet hits the hound.
The hound is lightly wounded.
The orc priest invokes the aid of Beogh against you.
Beogh smites you!
You shoot a sling bullet. The sling bullet hits the hound.
The hound is lightly wounded.
The hound bites you but does no damage.
The orc priest casts a cantrip, but nothing happens.
The hound bites you.
You shoot a sling bullet.
The sling bullet completely misses the hound.
The hound barely misses you.
The orc priest invokes the aid of Beogh against you.
Pain shoots through your body!
You shoot a sling bullet. The sling bullet hits the hound!
The hound is heavily wounded.
The hound misses you. The hound bites you.
The orc priest calls down the wrath of Beogh upon you.
Beogh smites you!
The orc priest looks braver for a moment.
An orc wizard comes into view. It is wielding a +0 dagger of pain.
The orc wizard shouts!
You hear a shout!
You shoot a sling bullet.
The sling bullet closely misses the hound.
The hound bites you. x2
An orc comes into view. It is wielding a +0 dagger.
An orc comes into view. It is wielding a +0 falchion.
You shoot a sling bullet. The sling bullet hits the hound.
The hound is almost dead.
The hound closely misses you.
The orc priest mumbles some strange prayers to Beogh against you.
Beogh smites you!
You die...

.. .. #. #. #.
##.## ##..h##
###o.o@.####
.o........#.##
o...o........##
#.........###.#
.....####.###.##
.o..# #..#...##
...# ##..<...#
..# ##......#
#......>...


You could see a hound, 2 orc priests, an orc wizard and 3 orcs.

Vanquished Creatures
  2 iguanas (D:3)
  An adder (D:3)
  An ufetubus (D:4)
  2 worms
  2 dart slugs
  An orc (D:3)
  6 bats
  6 endoplasms
  5 giant cockroaches
  9 goblins
  3 hobgoblins
  3 jackals (D:3)
  2 quokkas (D:1)
  4 ball pythons
  2 frilled lizards
  3 kobolds
  9 rats
61 creatures vanquished.

Notes
Turn   | Place    | Note
-------+----------+-------------------------------------------
     0 | D:1      | qw the Minotaur Hexslinger began the quest for the Orb.
     0 | D:1      | Reached XP level 1. HP: 16/16 MP: 1/1
     0 | D:1      | 0 ||| qw: Version: 0.3-a-52-g30416fa
     0 | D:1      | 0 ||| qw: Game counter: 4569
     0 | D:1      | 0 ||| qw: Melee chars always use a shield: true
     0 | D:1      | 0 ||| qw: God list: Okawaru
     0 | D:1      | 0 ||| qw: Allow faded altars: false
     0 | D:1      | 0 ||| qw: Do Orc after clearing Dungeon:15 true
     0 | D:1      | 0 ||| qw: Do second Lair branch before Depths: true
     0 | D:1      | 0 ||| qw: Lair rune preference: random
     0 | D:1      | 0 ||| qw: Goals: Normal
     0 | D:1      | 0 ||| PLANNING D:1-11
   167 | D:1      | Reached skill level 3 in Ranged Weapons
   167 | D:1      | Reached XP level 2. HP: 23/23 MP: 2/2
   994 | D:1      | 994 ||| UPGRADING to +0 ring mail.
  1004 | D:1      | 1004 ||| DROPPING +0 robe.
  1005 | D:1      | 1005 ||| UPGRADING to amulet of faith.
  1010 | D:1      | 1010 ||| READING scroll labelled ZIGUTI NACANEY.
  1011 | D:1      | 1011 ||| READING scroll labelled IQACOF MEWO.
  1012 | D:1      | 1012 ||| DROPPING scroll of poison.
  1035 | D:2      | Reached XP level 3. HP: 29/29 MP: 3/3
  1073 | D:2      | Found a bloodstained altar of Trog.
  1434 | D:2      | Reached skill level 4 in Ranged Weapons
  1642 | D:2      | 1642 ||| READING scroll labelled XOQOFRAARE.
  1711 | D:3      | Found an ancient bone altar of Kikubaaqudgha.
  1788 | D:3      | Reached skill level 1 in Armour
  1800 | D:3      | Found a glowing silver altar of Zin.
  1846 | D:3      | Found a faded altar of an unknown god.
  1853 | D:3      | 1853 ||| Stepping ~*~*~tactically~*~*~ (water).
  1861 | D:3      | Reached XP level 4. HP: 16/36 MP: 4/4
  2515 | D:3      | 2515 ||| READING scroll labelled LIURYH IMECLATH.
  2516 | D:3      | 2516 ||| READING scroll labelled IMYSEU POERAT.
  2517 | D:3      | 2517 ||| READING scroll labelled KIRAUF DUSU.
  2518 | D:3      | 2518 ||| DRINKING 3 viscous ruby potions.
  2519 | D:3      | 2519 ||| DROPPING 2 potions of invisibility.
  2556 | D:4      | 2556 ||| STAIRDANCE
  2562 | D:3      | Reached skill level 5 in Ranged Weapons
  2576 | D:3      | Identified the +8 hand axe "Cafofeut" {freeze, rF+++ rC+
                  | Dex-3}
  2645 | D:3      | 2645 ||| READING scroll labelled CAK QEVUMOZO.
  2668 | D:4      | Reached XP level 5. HP: 41/41 MP: 5/5
  2674 | D:4      | HP: 8/41 [orc priest/divine providence (12)]
  2675 | D:4      | HP: 3/41 [hound (5)]
  2675 | D:4      | HP: 1/41 [hound (2)]
  2676 | D:4      | Killed from afar by an orc priest

Levels and vault maps discovered:
D:1:      dpeg_arrival_houses_and_road, layout_basic
D:2:      layout_loops_ring, basic_altar
D:3:      layout_basic, lemuel_tele_altar, kiku_gazebo_pond_becter,
          hellmonk_ecumenical_altar_pennies_from_heaven,
          kennysheep_generic_room_8
D:4:      layout_layer_cave, corexii_leaking_fountain, uniq_robin

Skill      XL: |  1  2  3  4 |
---------------+-------------+-----
Ranged Weapons | 3 4 5 |  5.3
Fighting       | 2 |  2.1
Armour         | 1 |  1.0
Dodging        | |  2.1
Spellcasting   | |  1.0
Hexes          | |  2.0

Action                     |  1- 3 |  4- 6 || total
---------------------------+-------+-------++-------
   Fire: Sling             |   134 |    56 ||   190
    Use: Scroll            |     3 |     4 ||     7
         Potion            |       |     1 ||     1
 Armour: Ring mail         |     9 |    11 ||    20
         Robe              |     1 |       ||     1
  Dodge: Dodged            |    32 |    19 ||    51

Table legend:
 A = Non-vault XP
 B = Vault XP
 C = Vault XP percentage of total XP
 D = Non-vault monster count
 E = Vault monster count
 F = Vault count percentage of total count
                 A         B        C        D         E       F
            +---------+---------+-------+---------+---------+-------
      Total |     193 |       4 |   2.0 |      59 |       2 |   3.3
            +---------+---------+-------+---------+---------+-------
        D:1 |      37 |       0 |   0.0 |      22 |       0 |   0.0
        D:2 |      27 |       0 |   0.0 |      14 |       0 |   0.0
        D:3 |     121 |       4 |   3.2 |      22 |       2 |   8.3
        D:4 |       8 |       0 |   0.0 |       1 |       0 |   0.0
            +---------+---------+-------+---------+---------+-------
